 Dungeon Crawl Stone Soup version 0.21.0-24-g2553a33 (webtiles) character file.

182138 rgaf the Tortoise (level 18, 0/134 HPs)
             Began as a Halfling Hunter on Jan 21, 2018.
             Was the Champion of Okawaru.
             Drowned by a water elemental (4 damage)
             ... on level 1 of the Shoals.
             The game lasted 01:05:50 (48621 turns).

rgaf the Tortoise (Halfling Hunter)                Turns: 48621, Time: 01:05:50

Health: 0/134      AC: 36    Str: 24    XL:     18   Next: 59%
Magic:  27/27      EV: 11    Int: 11    God:    Okawaru [******]
Gold:   1048       SH:  7    Dex: 19    Spells: 17/17 levels left

rFire    + . .     SeeInvis .   Y - +1 demon blade (vamp)
rCold    . . .     Gourm    .   b - +0 buckler
rNeg     + . .     Faith    .   X - +3 plate armour {rF+}
rPois    +         Spirit   .   P - +1 helmet of the Morning {rN+ Dex+2}
rElec    .         Reflect  .   s - +2 cloak {+Inv}
rCorr    .         Harm     .   w - +1 pair of gloves
MR       +....                  A - +2 pair of boots {run}
Stlth    ..........             T - amulet of rage
HPRegen  0.32/turn              V - +2 ring of protection
MPRegen  0.20/turn              q - ring of poison resistance

@: mighty, engulfed (cannot breathe), very slow
A: small, talons 1, blurry vision 1, clever 1, mutation resistance 1
}: 1/15 runes: serpentine
a: Heroism, Finesse, Renounce Religion, Evoke Berserk Rage, Evoke Invisibility


You were on level 1 of the Shoals.
You worshipped Okawaru.
Okawaru was exalted by your worship.
You were not hungry.

You visited 7 branches of the dungeon, and saw 30 of its levels.

You collected 2822 gold pieces.
You spent 1774 gold pieces at shops.

Inventory:

Hand Weapons
 a - a +5 fustibalus of freezing
 Y - a +1 vampiric demon blade (weapon)
Missiles
 d - 417 sling bullets
 n - 826 stones (quivered)
Armour
 b - a +0 buckler (worn)
 e - a scarf of resistance
 s - a +2 cloak of invisibility (worn)
 w - a +1 pair of gloves (worn)
 A - a +2 pair of boots of running (worn)
 P - the +1 helmet of the Morning (worn) {rN+ Dex+2}
   (You bought it in a shop on level 1 of the Snake Pit)

   It affects your dexterity (+2).
   It protects you from negative energy.
 X - a +3 plate armour of fire resistance (worn)
Jewellery
 h - an uncursed ring of protection from cold
 q - a ring of poison resistance (right hand)
 J - an uncursed ring of see invisible
 K - an uncursed ring of resist corrosion
 T - an amulet of rage (around neck)
 U - an uncursed ring of protection from magic
 V - a +2 ring of protection (left hand)
Wands
 p - a wand of paralysis (5)
 t - a wand of random effects (46)
 u - a wand of scattershot (10)
 v - a wand of enslavement (11)
 z - a wand of polymorph (43)
 C - a wand of digging (28)
 D - a wand of flame (139)
 F - a wand of clouds (5)
Scrolls
 i - 2 scrolls of fear
 j - 12 scrolls of identify
 k - 6 scrolls of enchant weapon
 l - 2 scrolls of amnesia
 o - 14 scrolls of remove curse
 x - 4 scrolls of teleportation
 y - 2 scrolls of fog
 E - 10 scrolls of enchant armour
 H - 3 scrolls of magic mapping
 S - 4 scrolls of immolation
Potions
 r - 2 potions of agility
 B - a potion of magic
 G - 7 potions of curing
 I - 3 potions of haste
 L - 2 potions of resistance
 M - 2 potions of brilliance
 O - 3 potions of heal wounds
 Q - 6 potions of flight
 R - 2 potions of ambrosia
 W - 3 potions of lignification
Books
 m - a book of Maledictions

   Spells                             Type                      Level
   a - Corona                         Hexes                        1
   b - Ensorcelled Hibernation        Hexes/Ice                    2
   c - Confuse                        Hexes                        3
   d - Tukima's Dance                 Hexes                        3
   e - Dazzling Spray                 Conjuration/Hexes            3
 N - a book of Beasts

   Spells                             Type                      Level
   a - Summon Butterflies             Summoning                    1
   b - Call Canine Familiar           Summoning                    3
   c - Summon Ice Beast               Ice/Summoning                4
   d - Summon Mana Viper              Hexes/Summoning              5
   e - Summon Hydra                   Summoning                    7
 Z - a book of Misfortune

   Spells                             Type                      Level
   a - Confusing Touch                Hexes                        1
   b - Confuse                        Hexes                        3
   c - Gell's Gravitas                Translocation                3
   d - Petrify                        Transmutation/Earth          4
   e - Metabolic Englaciation         Hexes/Ice                    5
   f - Yara's Violent Unravelling     Hexes/Transmutation          5
Miscellaneous
 c - a lamp of fire
Comestibles
 f - 34 rations


   Skills:
 + Level 15.4 Fighting
 - Level 14.0 Long Blades
 - Level 14.0 Slings
 + Level 17.7 Armour
 - Level 2.1 Dodging
 - Level 1.1 Stealth
 - Level 5.6 Shields
 - Level 12.3 Invocations


You had 17 spell levels left.
You didn't know any spells.

Dungeon Overview and Level Annotations

Branches:
Dungeon (15/15)            Temple (1/1) D:7            Lair (6/6) D:9
 Shoals (1/4) Lair:2        Snake (4/4) Lair:2          Orc (2/2) D:12
    Elf (1/3) Orc:2        Vaults (0/5) D:14         Depths (0/5) D:15
  Slime: Lair:5-6

Altars:
Ashenzari
Cheibriados
Dithmenos
Elyvilon
Fedhas
Gozag
Hepliaklqana
Kikubaaqudgha
Makhleb
Nemelex Xobeh
Okawaru
Qazlal
Ru
Sif Muna
Trog
Uskayaw
Vehumet
Wu Jian
Xom
Yredelemnul
Zin
The Shining One
Beogh
Jiyva

Shops:
D:4 (   D:5 %   D:13 :   D:15 ?   Orc:2 *([=   Elf:1 (   Snake:1 ![(
Snake:2 :   Snake:3 %%:   Snake:4 [?

Annotations:
D:11 exclusion: oklob plant
Lair:5 exclusion: oklob plant


Innate Abilities, Weirdness & Mutations

You are small and have problems with some larger weapons.
You are somewhat resistant to further mutation.
You have sharp toenails.
Scrolls take you a little longer to read.
Your mind is acute. (Int +2)


Message History

The torrent of water hits you!
* * * LOW HITPOINT WARNING * * *
You are knocked back by the torrent of water.
You collide with the faun!
* * * LOW HITPOINT WARNING * * *
Splash!
The wave splashes down.
The faun splashes around in the water.
You block the water elemental's attack. The merfolk hits you with a trident!
* * * LOW HITPOINT WARNING * * *
You hear an angry hiss.
Your unstable footing causes you to fumble your attack.
* * * LOW HITPOINT WARNING * * *
Your lungs strain for air!
The merfolk hits you from afar with a trident.
* * * LOW HITPOINT WARNING * * *
The merfolk aquamancer hits you but does no damage.
Unknown command.
Unknown command.
Your unstable footing causes you to fumble your attack.
You die...

≈≈≈≈≈≈≈≈≈.......##.≈≈...≈≈..## #.
≈≈≈≈≈≈≈≈≈≈.......≈≈≈≈....≈...###.
≈≈≈≈≈≈≈≈≈≈≈......≈≈≈...≈..≈≈.....
≈≈≈≈≈≈≈≈≈≈≈...E....≈≈.≈≈≈≈≈≈≈....
≈≈≈≈≈≈≈≈≈≈..≈..E#.≈≈..≈≈≈≈≈≈≈≈..
≈≈≈≈≈≈≈≈≈≈≈≈m≈E<..≈..≈≈≈≈≈≈≈...
≈≈≈≈≈≈≈≈≈≈(c###......≈..#..≈≈.
≈≈≈≈≈≈≈≈≈≈mE##...≈≈...(##.≈≈.
≈≈≈≈≈≈≈≈≈≈m@c.≈≈≈≈≈.....≈≈..
≈≈≈≈≈≈≈≈)Emm.≈≈≈≈≈≈..≈≈≈≈..
≈≈≈≈≈≈≈≈≈E.≈≈≈≈≈≈≈...≈≈.##
≈≈≈≈≈≈≈≈≈≈≈≈≈≈≈≈≈.≈≈....##
≈≈≈≈≈≈≈≈≈≈≈≈≈≈≈≈≈..≈≈≈....
≈≈≈≈≈≈≈≈≈≈≈≈≈≈...≈≈≈≈≈≈...
≈≈≈≈≈≈≈≈≈≈≈≈≈≈..≈≈≈......
≈≈≈≈≈≈≈≈≈≈≈≈≈≈≈≈≈≈≈≈≈...
≈≈≈≈≈≈≈≈≈≈≈≈..≈≈≈≈≈≈≈≈≈≈


You could see 2 merfolk aquamancers, 3 merfolk, 2 fauns and 3 water elementals.

Vanquished Creatures
  Rupert (Orc:2)
  7 nagarajas
  A fire giant (D:15)
  An orc warlord (Orc:1)
  A deep elf annihilator (Elf:1)
  A deep elf death mage (Elf:1)
  Fannar (D:11)
  16 naga warriors
  4 vault guards (D:14)
  A death knight (D:12)
  2 centaur warriors (D:15)
  11 two-headed ogres
  13 anacondas
  An ogre mage (D:13)
  An orc high priest (Orc:1)
  2 tengu warriors (D:15)
  12 naga sharpshooters
  9 shock serpents
  3 deep elf knights
  3 skeletal warriors
  Nergalle (Orc:1)
  The ghost of Shandreya the Sneak, a novice GnEn of Vehumet (D:8)
  2 salamander mystics (Snake:3)
  An unseen horror (D:12)
  2 sea snakes
  A deep elf archer (Elf:1)
  A phantasmal warrior (D:12)
  8 orc knights
  4 naga ritualists
  A necromancer (Lair:3)
  5 mana vipers
  4 orc sorcerers (Orc:2)
  2 wizards (D:14)
  14 deep elf magi
  9 salamanders
  13 ugly things
  4 elephants (Lair:2)
  2 manticores
  A faun (Shoals:1)
  8 centaur zombies
  2 cyclopes
  14 guardian serpents
  23 black mambas
  2 merfolk sirens (Lair:2)
  2 molten gargoyles (Lair:3)
  15 naga magi
  2 gargoyles
  21 spiny frogs
  An orange demon (D:14)
  2 centaur skeletons
  3 rime drakes
  3 komodo dragons
  2 tengu conjurers (D:15)
  A queen bee (D:9)
  A jumping spider (shapeshifter) (D:13)
  5 merfolk
  6 trolls
  5 polar bears
  5 tyrant leeches (Lair:6)
  8 slime creatures
  22 blink frogs
  A hippogriff (shapeshifter) (Elf:1)
  12 dream sheep
  4 hippogriffs
  A harpy skeleton (D:15)
  2 snapping turtles (Shoals:1)
  An air elemental (Elf:1)
  Sigmund (D:5)
  2 humans (D:14)
  2 vampires
  3 wraiths
  3 water elementals (Shoals:1)
  3 wyverns
  37 yaks
  A hungry ghost (D:8)
  A basilisk (D:11)
  4 wargs
  A steam dragon (D:7)
  6 vampire mosquitoes
  46 nagas
  6 porcupines
  8 water moccasins
  32 orc warriors
  2 ice beasts
  2 black bears
  2 phantoms
  11 ogres
  An eye of draining (D:12)
  4 sky beasts
  3 wolves (Lair:3)
  8 centaurs
  2 big kobolds
  2 crocodiles
  26 bullfrogs
  A wyvern skeleton (D:11)
  5 scorpions
  22 wights
  33 killer bees
  4 howler monkeys
  5 electric eels
  2 crimson imps (D:7)
  6 lava snakes
  A quasit (D:8)
  4 hounds
  2 jellies
  A wyvern simulacrum (D:14)
  17 orc priests
  A bullfrog skeleton (D:10)
  26 orc wizards
  Jessica (D:3)
  2 iguanas
  4 polar bear simulacra (Lair:3)
  Ijyb (D:4)
  9 worker ants
  2 yak simulacra (Lair:3)
  2 wolf simulacra (Lair:3)
  A hound skeleton (D:9)
  2 mummies (D:14)
  A worker ant zombie (D:11)
  A howler monkey zombie (D:7)
  12 adders
  11 gnolls
  4 shadow imps
  2 ufetubi (D:14)
  3 oozes
  An adder zombie (D:9)
  3 adder skeletons
  8 worms
  3 dart slugs
  8 leopard geckos
  85 orcs
  6 giant cockroaches
  13 hobgoblins
  5 jackals
  5 quokkas
  2 ball pythons
  11 bats
  2 frilled lizards
  A giant cockroach zombie (D:6)
  7 goblins
  A jackal zombie (D:7)
  18 kobolds
  5 quokka skeletons
  13 rats
  3 river rat simulacra (Lair:3)
  2 crawling corpses (Elf:1)
  3 plants
953 creatures vanquished.

Vanquished Creatures (others)
  A gnoll sergeant (D:4)
  A gnoll (D:4)
  11 fungi
  63 plants
76 creatures vanquished.

Grand Total: 1029 creatures vanquished

Notes
Turn   | Place    | Note
-------+----------+-------------------------------------------
     0 | D:1      | rgaf the Halfling Hunter began the quest for the Orb.
     0 | D:1      | Reached XP level 1. HP: 14/14 MP: 1/1
   117 | D:1      | Reached XP level 2. HP: 10/19 MP: 2/2
   835 | D:1      | Reached XP level 3. HP: 19/24 MP: 3/3
  1695 | D:2      | Reached XP level 4. HP: 25/29 MP: 4/4
  2430 | D:2      | Found a hide-covered altar of Uskayaw.
  2747 | D:2      | Reached XP level 5. HP: 34/34 MP: 5/5
  3267 | D:3      | Noticed Jessica
  3286 | D:3      | Killed Jessica
  3286 | D:3      | Reached skill level 1 in Armour
  3754 | D:3      | Reached XP level 6. HP: 35/41 MP: 6/6
  3899 | D:3      | Reached skill level 2 in Armour
  4693 | D:3      | Found a sacrificial altar of Ru.
  4834 | D:3      | Found a white marble altar of Elyvilon.
  4835 | D:3      | Found a basalt altar of Yredelemnul.
  4835 | D:3      | Found a shimmering altar of Xom.
  4836 | D:3      | Found an opulent altar of Gozag.
  4870 | D:4      | Reached skill level 3 in Armour
  5022 | D:4      | Found a stormy altar of Qazlal.
  5051 | D:4      | Reached XP level 7. HP: 34/46 MP: 7/7
  5333 | D:4      | Found a bloodstained altar of Trog.
  5401 | D:4      | Found Joshivao's Antique Weapon Boutique.
  5404 | D:4      | Bought a smoking long sword for 178 gold pieces
  5404 | D:4      | Identified the +10 long sword of Defenestration {antimagic, Str+7} (You bought it in a shop on level 4 of the Dungeon)
  5723 | D:5      | Entered Level 5 of the Dungeon
  5765 | D:5      | Noticed Ijyb
  5770 | D:4      | Killed Ijyb
  5770 | D:4      | Reached skill level 4 in Armour
  5875 | D:5      | Noticed Sigmund
  5878 | D:5      | Found a shimmering altar of Xom.
  5882 | D:5      | Killed Sigmund
  5970 | D:5      | Reached skill level 5 in Armour
  5970 | D:5      | Reached XP level 8. HP: 54/54 MP: 2/8
  6241 | D:5      | Found Kottihiam's Food Emporium.
  6495 | D:6      | Reached skill level 1 in Long Blades
  6706 | D:6      | Reached skill level 5 in Fighting
  7561 | D:7      | Reached skill level 6 in Armour
  7847 | D:7      | Gained mutation: You have sharp toenails. [potion of mutation]
  7847 | D:7      | Gained mutation: Scrolls take you a little longer to read. [potion of mutation]
  7847 | D:7      | Gained mutation: Your mind is acute. (Int +2) [potion of mutation]
  7855 | D:7      | Reached XP level 9. HP: 61/61 MP: 3/9
  7920 | D:7      | Found a staircase to the Ecumenical Temple.
  8001 | D:7      | Reached skill level 5 in Long Blades
  8223 | Temple   | Entered the Ecumenical Temple
  8230 | Temple   | Became a worshipper of Warmaster Okawaru
  8329 | D:7      | Found a glowing silver altar of Zin.
  8527 | D:7      | Reached skill level 7 in Armour
  8846 | D:8      | Reached * piety under Okawaru
  9424 | D:8      | Noticed Shandreya's ghost (novice GnEn)
  9503 | D:8      | Killed Shandreya's ghost
  9503 | D:8      | Reached XP level 10. HP: 69/69 MP: 3/10
  9713 | D:9      | Found a staircase to the Lair.
  9778 | D:9      | Reached ** piety under Okawaru
  9781 | D:9      | Found a glowing golden altar of the Shining One.
  9830 | D:9      | Reached skill level 8 in Armour
  9852 | D:9      | Found an iron altar of Okawaru.
 10415 | D:9      | Reached *** piety under Okawaru
 10515 | D:9      | Received a gift from Okawaru
 10985 | D:9      | Reached XP level 11. HP: 39/76 MP: 3/11
 11029 | D:9      | Reached skill level 9 in Armour
 11190 | D:9      | Found a viscous altar of Jiyva.
 11409 | D:9      | Found a transporter.
 11412 | D:9      | Found a transporter.
 11656 | D:9      | Reached **** piety under Okawaru
 11656 | D:9      | Reached skill level 10 in Long Blades
 12690 | D:9      | Found a radiant altar of Vehumet.
 12720 | Lair:1   | Entered Level 1 of the Lair of Beasts
 12756 | D:10     | Entered Level 10 of the Dungeon
 13541 | D:10     | Noticed a two-headed ogre
 13550 | D:10     | Killed a two-headed ogre
 13550 | D:10     | Reached skill level 1 in Invocations
 13680 | D:11     | Found a blossoming altar of Fedhas.
 13680 | D:11     | Noticed an oklob plant
 13838 | D:11     | Received a gift from Okawaru
 13884 | D:11     | Noticed a green ugly thing
 13900 | D:10     | Killed a green ugly thing
 14136 | D:11     | Received a gift from Okawaru
 14410 | D:4      | Bought a glowing fustibalus for 378 gold pieces
 14642 | D:11     | Noticed Fannar
 14778 | Lair:1   | Found an ornate altar of the Wu Jian Council.
 14821 | Lair:1   | Reached ***** piety under Okawaru
 14821 | Lair:1   | Reached skill level 10 in Armour
 14830 | Lair:1   | Received a gift from Okawaru
 14961 | Lair:1   | Reached XP level 12. HP: 82/84 MP: 4/14
 15200 | Lair:1   | Received a gift from Okawaru
 15200 | Lair:1   | Reached skill level 10 in Slings
 16222 | Lair:2   | Found a staircase to the Snake Pit.
 16488 | Lair:2   | Found a staircase to the Shoals.
 16817 | Lair:2   | Identified a scroll of acquirement
 16980 | Lair:3   | Received a gift from Okawaru
 16983 | Lair:3   | Got an encrusted helmet {god gift}
 16989 | Lair:3   | Identified the -4 helmet of Surprise {+Inv rCorr} (Okawaru gifted it to you on level 3 of the Lair of Beasts)
 18110 | Lair:3   | Reached skill level 5 in Invocations
 18110 | Lair:3   | Reached XP level 13. HP: 77/90 MP: 5/16
 19022 | Lair:4   | Reached skill level 11 in Armour
 20220 | Lair:5   | Received a gift from Okawaru
 20933 | Lair:6   | Entered Level 6 of the Lair of Beasts
 21649 | Lair:6   | Reached skill level 10 in Fighting
 21965 | Lair:6   | Received a gift from Okawaru
 22265 | Lair:6   | Reached ****** piety under Okawaru
 22265 | Lair:6   | Received a gift from Okawaru
 22270 | Lair:6   | Reached XP level 14. HP: 82/99 MP: 6/19
 22736 | Lair:6   | Received a gift from Okawaru
 23717 | Lair:6   | Got a pair of slimy gloves
 23720 | Lair:6   | Identified the +0 pair of gloves of Activism {rCorr} (You found it on level 6 of the Lair of Beasts)
 24465 | D:12     | Found a staircase to the Orcish Mines.
 24480 | D:12     | Reached skill level 12 in Armour
 24568 | D:12     | Received a gift from Okawaru
 24705 | D:12     | Received a gift from Okawaru
 24999 | D:11     | Killed Fannar
 25368 | D:11     | Received a gift from Okawaru
 25371 | D:11     | Got an ichor-stained double sword {god gift}
 25372 | D:11     | Identified the +0 double sword of Kisehy {slice, Str+2} (Okawaru gifted it to you on level 11 of the Dungeon)
 25780 | D:12     | Found a deep blue altar of Sif Muna.
 26967 | D:13     | Found the +6 lightning scales {run, rElec}
 27008 | D:13     | Found Sakkaf's Book Emporium.
 27229 | D:13     | Reached XP level 15. HP: 73/106 MP: 7/21
 27489 | D:14     | Received a gift from Okawaru
 27514 | D:14     | Received a gift from Okawaru
 27635 | D:14     | Identified a +2 pair of boots of running (Okawaru gifted it to you on level 14 of the Dungeon)
 27761 | D:14     | You fall through a shaft!
 27761 | D:15     | Entered Level 15 of the Dungeon
 27906 | D:15     | Reached skill level 13 in Armour
 28721 | D:15     | Found Serimur's Magic Scroll Boutique.
 28789 | D:15     | Found a staircase to the Depths.
 28802 | D:15     | Noticed a fire giant
 28818 | D:15     | Killed a fire giant
 29082 | D:15     | Reached skill level 10 in Invocations
 29824 | D:14     | Received a gift from Okawaru
 30045 | D:14     | Received a gift from Okawaru
 30048 | D:14     | Got an ichor-stained robe {god gift}
 30799 | D:14     | Found a gate to the Vaults.
 31401 | Lair:1   | Reached skill level 14 in Armour
 31429 | Snake:1  | Entered Level 1 of the Snake Pit
 31595 | Snake:1  | Reached XP level 16. HP: 114/114 MP: 8/24
 32272 | Snake:1  | Found Vugaesuq's Weapon Boutique.
 32274 | Snake:1  | Found Leosihib's Antique Armour Shop.
 32276 | Snake:1  | Found Hasatuud's Distillery.
 32545 | Snake:1  | Bought an ichor-stained helmet for 380 gold pieces
 32550 | Snake:1  | Identified the +1 helmet of the Morning {rN+ Dex+2} (You bought it in a shop on level 1 of the Snake Pit)
 33564 | Orc:1    | Entered Level 1 of the Orcish Mines
 33627 | D:12     | Received a gift from Okawaru
 34003 | Orc:2    | Entered Level 2 of the Orcish Mines
 34003 | Orc:2    | Found a staircase to the Elven Halls.
 34032 | Orc:2    | Noticed Rupert
 34046 | Orc:2    | Killed Rupert
 34085 | Orc:2    | Paralysed by an orc sorcerer for 4 turns
 34097 | Orc:2    | Paralysed by an orc sorcerer for 7 turns
 35454 | Orc:2    | Noticed Nergalle
 35835 | Orc:1    | Killed Nergalle
 36078 | Orc:2    | Found a roughly hewn altar of Beogh.
 36192 | Orc:1    | Received a gift from Okawaru
 36398 | Orc:2    | Found Tamyanall's Antique Weapon Shoppe.
 36407 | Orc:2    | Found Dinlafay's Jewellery Shoppe.
 36577 | Orc:2    | Found Ycepas's General Store.
 36728 | Orc:2    | Found Vulaehie's Antique Armour Shoppe.
 36750 | Orc:2    | Bought a runed demon blade for 684 gold pieces
 36998 | Elf:1    | Entered Level 1 of the Elven Halls
 37228 | Elf:1    | Found Qypicoass's Antique Weapon Emporium.
 37384 | Elf:1    | Reached skill level 15 in Armour
 38241 | Elf:1    | Identified the Guide on Combat Magic
 38950 | Snake:2  | Found Cuton's Book Shoppe.
 40085 | Snake:2  | Reached XP level 17. HP: 75/123 MP: 26/26
 40101 | Snake:2  | Received a gift from Okawaru
 41179 | Snake:3  | Received a gift from Okawaru
 41589 | Snake:3  | Received a gift from Okawaru
 41641 | Snake:3  | Found Luef's Book Emporium.
 41919 | Snake:3  | Reached skill level 16 in Armour
 43321 | Snake:3  | Reached skill level 1 in Shields
 43903 | Snake:3  | Found Camnu's Food Boutique.
 43903 | Snake:3  | Found Ciextaw's Food Shop.
 44371 | Snake:4  | Entered Level 4 of the Snake Pit
 44614 | Snake:4  | Found Ybuimos's Armour Shoppe.
 44621 | Snake:4  | Found Onkaci's Magic Scroll Emporium.
 44627 | Snake:4  | Bought a scroll of magic mapping for 49 gold pieces
 44627 | Snake:4  | Bought a scroll of enchant weapon for 105 gold pieces
 45218 | Snake:4  | Reached skill level 5 in Shields
 45939 | Snake:4  | Received a gift from Okawaru
 45956 | Snake:4  | Reached XP level 18. HP: 124/132 MP: 27/27
 46051 | Snake:4  | Received a gift from Okawaru
 46240 | Snake:4  | Received a gift from Okawaru
 46298 | Snake:4  | Reached skill level 17 in Armour
 46576 | Snake:4  | Received a gift from Okawaru
 46790 | Snake:4  | Reached skill level 15 in Fighting
 47480 | Snake:4  | Received a gift from Okawaru
 47849 | Snake:4  | Got a serpentine rune of Zot
 48211 | Shoals:1 | Entered Level 1 of the Shoals
 48620 | Shoals:1 | HP: 4/134 [merfolk/trident (3)]
 48621 | Shoals:1 | Drowned by a water elemental

Skill      XL: |  1  2  3  4  5  6  7  8  9 10 11 12 13 14 15 16 17 18 |
---------------+-------------------------------------------------------+-----
Slings         | 6 7 8 9 11 12 14 | 14.0
Fighting       | 2 3 4 5 6 7 8 9 10 11 12 13 14 15 | 15.4
Armour         | 1 3 5 6 7 8 10 11 12 14 15 16 17 | 17.7
Long Blades    | 4 7 9 11 12 13 14 | 14.0
Invocations    | 2 5 6 8 11 12 | 12.3
Shields        | 5 |  5.6
Dodging        | |  2.1
Stealth        | |  1.1

Action                   |  1- 3 |  4- 6 |  7- 9 | 10-12 | 13-15 | 16-18 || total
-------------------------+-------+-------+-------+-------+-------+-------++-------
Melee: Short sword       |   130 |   148 |       |       |       |       ||   278
       War axe           |       |    40 |       |       |       |       ||    40
       Long sword        |       |       |   225 |   595 |  1312 |   409 ||  2541
       Kick              |       |       |    23 |       |       |       ||    23
       Punch             |       |       |       |     1 |       |       ||     1
       Double sword      |       |       |       |       |    24 |       ||    24
       Demon blade       |       |       |       |       |       |  1129 ||  1129
 Fire: Hunting sling     |    23 |   144 |    45 |    20 |       |       ||   232
       Fustibalus        |       |       |       |    16 |    54 |   574 ||   644
Throw: Stone             |     1 |       |       |       |       |       ||     1
Invok: Heroism           |       |       |       |     1 |       |       ||     1
 Abil: Evoke Berserk Rag |       |       |       |       |     2 |     4 ||     6
Evoke: Wand              |       |       |     1 |     5 |     3 |       ||     9
       Lamp of fire      |       |       |       |       |       |     1 ||     1
  Use: Potion            |       |       |     5 |     2 |     2 |     4 ||    13
       Scroll            |       |       |     2 |    16 |    16 |     8 ||    42
 Stab: Paralysed         |       |       |       |     5 |       |       ||     5
       Confused          |       |       |       |       |     1 |       ||     1
  Eat: Chunk             |     3 |    10 |    15 |    18 |    35 |    18 ||    99
       Ration            |       |       |       |     3 |     3 |    14 ||    20
Armor: Chain mail        |   112 |    85 |    44 |       |       |       ||   241
       Crystal plate arm |       |       |   100 |   457 |   904 |   459 ||  1920
       Skin              |       |       |    13 |       |       |       ||    13
       Plate armour      |       |       |       |       |       |   623 ||   623
Dodge: Dodged            |    97 |   118 |   111 |   233 |   437 |   567 ||  1563
Block: Buckler           |       |       |       |       |       |   128 ||   128
       Rpst.: Long sword |       |       |    38 |    74 |   113 |    40 ||   265
       Double sword      |       |       |       |       |     3 |       ||     3
       Demon blade       |       |       |       |       |       |    88 ||    88
